 Dungeon Crawl Stone Soup version 0.32-a0-12-g7fc57aa741 (webtiles) character file.

Game seed: 8783833869918097043

235 anacleto the Changeling (level 5, -1/69 HPs)
             Began as a Troll Shapeshifter on Jan 15, 2024.
             Slain by a kobold brigand
             ... wielding a +0 short sword of venom
              (2 damage)
             ... in a sewer.
             The game lasted 00:04:24 (1973 turns).

anacleto the Changeling (Troll Shapeshifter)        Turns: 1973, Time: 00:04:25

Health: -1/69      AC: 22    Str: 24    XL:     5   Next: 76%
Magic:  4/4        EV:  1    Int:  6    God:
Gold:   101        SH:  0    Dex:  9    Spells: 4/4 levels left

rFire   . .          .
                       - Unarmed
rCold   . . .        (no shield)
rNeg    . . .        a - melded +0 animal skin
rPois   +            (helmet currently unavailable)
rElec   .            (cloak currently unavailable)
rCorr   .            (gloves unavailable)
SInv    .            (boots unavailable)
Will    .....        (no amulet)
Stlth   +            (no ring)
HPRegen 1.11/turn    (no ring)
MPRegen 0.09/turn

%: no passive effects
@: lethally poisoned (-1 -> -6), tree-form
A: stationary, stasis, torment immunity, boosted hp, large, unfitting armour,
(claws 3), regeneration 1, (shaggy fur 1), (tough skin 1)
a: no special abilities


You were in a sewer.
You were a tree.
You visited 1 branch of the dungeon, and saw 3 of its levels.
You also visited: Sewer.

You collected 101 gold pieces.

Inventory:

Missiles
 n - 4 poisoned darts (quivered)
Armour
 a - a +0 animal skin (melded)
Jewellery
 m - a ring of positive energy
Talismans
 c - a beast talisman
 d - a flux talisman
Scrolls
 g - 2 scrolls of identify
Potions
 e - a potion of brilliance {unknown}
 f - a potion of haste {unknown}
 h - a potion of degeneration {unknown}
 i - a potion of curing {unknown}
 j - a potion of berserk rage {unknown}
 k - a potion of magic {unknown}
 l - a potion of resistance {unknown}


   Skills:
 - Level 0.7 Fighting
 - Level 1.5 Dodging
 - Level 3.0 Unarmed Combat
 + Level 6.1 Shapeshifting


You had 4 spell levels left.
You didn't know any spells.
Your spell library contained the following spells:

 Spells                   Type           Power      Damage    Failure   Level
 Jinxbite                 Hex            0%         N/A       58%         2
 Mercury Vapours          Alch/Air       0%         N/A       58%         2
 Fugue of the Fallen      Necr           0%         N/A       83%         3
 Ozocubu's Armour         Ice            0%         N/A       83%         3
 Cause Fear               Hex            0%         N/A       99%         4
 Manifold Assault         Tloc           0%         N/A       99%         4


Dungeon Overview and Level Annotations

Branches:
Dungeon (3/15)              Sewer (1/1)

Altars:


Innate Abilities, Weirdness & Mutations

You are a tree.
Your roots penetrate the ground, keeping you stationary.
You cannot be teleported.
You are immune to unholy pain and torment.
Your maximum health is greatly increased.
Your equipment is partially melded.
You are too large for most types of armour.
((You have claws for hands.))
Your natural rate of healing is unusually fast.
((You are covered in fur. (AC +1)))
((You have tough skin. (AC +1)))


Message History

You feel sick.
You feel sick.
You feel sick.
You claw the kobold brigand!
The kobold brigand is heavily wounded.
You feel sick.
You are no longer poisoned.
The kobold brigand hits you with a +0 short sword of venom.
You closely miss the kobold brigand.
The kobold brigand is heavily wounded.
The kobold brigand hits you with a +0 short sword of venom!
You are poisoned.
You completely miss the kobold brigand.
The kobold brigand is heavily wounded.
You feel sick.
The kobold brigand hits you with a +0 short sword of venom.
You are more poisoned.
You closely miss the kobold brigand. Your claw misses the kobold brigand.
The kobold brigand is moderately wounded.
You feel very sick.
The kobold brigand hits you with a +0 short sword of venom.
You are more poisoned.
You barely miss the kobold brigand.
The kobold brigand is moderately wounded.
You feel very sick.
The kobold brigand hits you with a +0 short sword of venom!
* * * LOW HITPOINT WARNING * * *
You closely miss the kobold brigand.
The kobold brigand is moderately wounded.
* * * LOW HITPOINT WARNING * * *
You feel very sick.
The kobold brigand splashes around in the water.
Your transformation has ended.
You turn into a tree.
Your +0 animal skin melds into your body.
Your roots penetrate the ground.
* * * LOW HITPOINT WARNING * * *
You feel very sick.
The kobold brigand hits you with a +0 short sword of venom.
You die...

#.~≈~.# #.~≈~.### #.~≈~..∩
#~≈≈~.# #.~≈~.# ##~~≈~~##
#######################..~≈~~.#
....~~~~~~~~~~~~♣K~~~)~~~~≈K..#
#######################.~~≈K..#
#.~~≈K..# #K~~≈~~.# #~~≈≈≈~~#
#.~≈≈≈~.# #.~≈≈≈~.# #..~~~~.#
#..~.~..#


You could see a kobold brigand.

Vanquished Creatures
  A kobold brigand (Sewer)
  Natasha (D:3)
  4 adders
  4 river rats
  A ribbon worm (D:2)
  An orc (D:3)
  5 bats
  5 endoplasms
  3 giant cockroaches
  7 goblins
  6 hobgoblins
  A jackal (Sewer)
  4 kobolds
  3 quokkas
  11 ball pythons
  10 frilled lizards
  4 rats
71 creatures vanquished.

Notes
Turn   | Place    | Note
-------+----------+-------------------------------------------
     0 | D:1      | anacleto the Troll Shapeshifter began the quest for the
                  | Orb.
     0 | D:1      | Reached XP level 1. HP: 18/18 MP: 0/0
    85 | D:1      | Reached XP level 2. HP: 26/26 MP: 1/1
   166 | D:1      | Got the Lectures on Spellbinding and Austromancy
   386 | D:1      | Reached skill level 4 in Shapeshifting
   447 | D:1      | Reached XP level 3. HP: 32/32 MP: 2/2
  1226 | D:2      | Found a faded altar of an unknown god.
  1651 | D:2      | Reached XP level 4. HP: 37/40 MP: 3/3
  1766 | D:3      | Noticed Natasha
  1786 | D:3      | Killed Natasha
  1787 | D:3      | Reached skill level 5 in Shapeshifting
  1832 | D:3      | Found a glowing drain.
  1854 | Sewer    | Entered a sewer
  1867 | Sewer    | Reached XP level 5. HP: 42/46 MP: 4/4
  1948 | Sewer    | Reached skill level 6 in Shapeshifting
  1973 | Sewer    | HP: 1/69 [poisoned by a kobold brigand]
  1973 | Sewer    | Slain by a kobold brigand

Illustrated notes

Levels and vault maps discovered:
D:1:      heliophobic_arrival_battle_scene, layout_basic
D:2:      layout_basic, ebering_ecumenical_altar_hall
D:3:      layout_loops_ring, portal_sewer_entry_b,
          amcnicky_mini_corridor_feature, uniq_natasha
Sewer:    sewer_kobolds

Skill      XL: |  1  2  3  4  5 |
---------------+----------------+-----
Shapeshifting  | 4 5 6 |  6.1
Fighting       | |  0.7
Dodging        | |  1.5
Unarmed Combat | |  3.0

Action                     |  1- 3 |  4- 6 || total
---------------------------+-------+-------++-------
  Melee: Unarmed           |   107 |    52 ||   159
         Punch             |     2 |       ||     2
    Use: Scroll            |       |     2 ||     2
         Potion            |       |     1 ||     1
   Stab: Sleeping          |     1 |       ||     1
 Armour: Animal skin       |    63 |    28 ||    91
         Skin              |       |     1 ||     1
  Dodge: Dodged            |    60 |    24 ||    84

Table legend: (Time is in decaauts)
 A = Elapsed time spent in this place.
 B = Non-inter-level travel time spent in this place.
 C = Inter-level travel time spent in this place.
 D = Time resting spent in this place.
 E = Time spent auto-exploring this place.
 F = Levels seen in this place.
 G = Mean time per level.
                   A        B        C        D        E       F      G
               +--------+--------+--------+--------+--------+-----+--------+
         Total |   1963 |   1887 |     76 |      6 |   1264 |   4 |  490.8 |
       Dungeon |   1846 |   1770 |     76 |      0 |   1264 |   3 |  615.3 |
         Sewer |    116 |    116 |      0 |      6 |      0 |   1 |  116.0 |
               +--------+--------+--------+--------+--------+-----+--------+

Top non-repeatable levels by time:
     D:2: 922 daAuts
     D:1: 792 daAuts
     D:3: 132 daAuts
   Sewer: 116 daAuts
